 Dungeon Crawl Stone Soup version 0.21.1-1-g345015f (webtiles) character file.

297 Tallim the Gusty (level 6, -6/45 HPs)
             Began as a Draconian Air Elementalist on July 3, 2018.
             Mangled by goulibeur's ghost (8 damage)
             ... on level 3 of the Dungeon.
             The game lasted 00:11:13 (3474 turns).

Tallim the Gusty (Draconian Air Elementalist)       Turns: 3474, Time: 00:11:14

Health: -6/45      AC:  8    Str: 10    XL:     6   Next: 12%
Magic:  4/9        EV: 12    Int: 18    God:
Gold:   53         SH:  0    Dex: 11    Spells: 6/9 levels left

rFire    . . .     SeeInvis .   d - +1 short sword (venom)
rCold    . . .     Gourm    .   (no shield)
rNeg     . . .     Faith    .   (armour unavailable)
rPois    .         Spirit   .   (helmet restricted)
rElec    .         Reflect  .   r - +0 cloak
rCorr    .         Harm     .   n - +0 pair of gloves
MR       .....                  (no boots)
Stlth    ++........             (no amulet)
HPRegen  0.15/turn              (no ring)
MPRegen  0.11/turn              (no ring)

@: no status effects
A: unfitting armour, cold-blooded, AC +6
a: no special abilities


You were on level 3 of the Dungeon.
You were not hungry.

You visited 1 branch of the dungeon, and saw 3 of its levels.

You collected 53 gold pieces.

Inventory:

Hand Weapons
 d - a +1 short sword of venom (weapon)
 q - a +2 quarterstaff of chaos
Armour
 n - a +0 pair of gloves (worn)
 r - a +0 cloak (worn)
Jewellery
 e - a cursed amulet of inaccuracy {unknown}
 l - an uncursed amulet of harm {unknown}
Scrolls
 c - a scroll of blinking {unknown}
 f - 3 scrolls of identify {unknown}
 h - 2 scrolls of amnesia {unknown}
 k - a scroll of teleportation {unknown}
 o - 2 scrolls of magic mapping {unknown}
 p - a scroll of noise {unknown}
Potions
 g - a potion of flight {unknown}
 i - 2 potions of brilliance {unknown}
 j - a potion of curing {unknown}
 m - a potion of agility {unknown}
Books
 a - a book of Air

   Spells                             Type                      Level
   a - Shock                          Conjuration/Air              1
   b - Swiftness                      Charms/Air                   2
   c - Static Discharge               Conjuration/Air              3
   d - Airstrike                      Air                          4
   e - Lightning Bolt                 Conjuration/Air              5
Comestibles
 b - 3 rations


   Skills:
 + Level 2.3 Short Blades
 - Level 1.7 Dodging
 - Level 1.7 Stealth
 - Level 2.0 Spellcasting
 + Level 1.0 Conjurations
 * Level 6.4 Air Magic


You had 6 spell levels left.
You knew the following spells:

 Your Spells              Type           Power        Failure   Level  Hunger
a - Shock                 Conj/Air       ###.         4%          1    #......
b - Swiftness             Chrm/Air       ##......     8%          2    ###....


Dungeon Overview and Level Annotations

Branches:
Dungeon (3/15)

Altars:

Annotations:
D:3 Sigmund; goulibeur's ghost, amateur DsAK


Innate Abilities, Weirdness & Mutations

Your plain brown scales are hard. (AC +6)
You cannot fit into any form of body armour.
You are cold-blooded and may be slowed by cold attacks.


Message History

Goulibeur's ghost is lightly damaged.
Goulibeur's ghost hits you. Goulibeur's ghost burns you.
You barely miss goulibeur's ghost.
Goulibeur's ghost is lightly damaged.
Goulibeur's ghost hits you. Goulibeur's ghost burns you.
You hit goulibeur's ghost but do no damage.
You tail-slap goulibeur's ghost, but do no damage.
Goulibeur's ghost is lightly damaged.
Goulibeur's ghost closely misses you.
You barely miss goulibeur's ghost.
Goulibeur's ghost is lightly damaged.
Goulibeur's ghost hits you. Goulibeur's ghost burns you.
You hit goulibeur's ghost but do no damage.
Goulibeur's ghost is lightly damaged.
Goulibeur's ghost hits you!
* * * LOW HITPOINT WARNING * * *
Goulibeur's ghost burns you.
* * * LOW HITPOINT WARNING * * *
Goulibeur's ghost hits you!
You die...

### #.. #.# #.# #.#
##.##.##.#
#W@......#
#†###..### #.#.. #
.. #.#.# #.#####
#.#†##.# ......#
#####......#
.###.P#
#.......####
...♣..#####r#######
(P.....r.r..#


You could see goulibeur's ghost.

Vanquished Creatures
  An ice beast (D:3)
  Crazy Yiuf (D:2)
  Jessica (D:2)
  6 gnolls (D:2)
  3 adders
  2 worms (D:2)
  A leopard gecko (D:3)
  7 bats
  3 giant cockroaches
  6 goblins
  11 hobgoblins
  7 jackals
  4 kobolds
  2 frilled lizards (D:1)
  8 rats
63 creatures vanquished.

Notes
Turn   | Place    | Note
-------+----------+-------------------------------------------
     0 | D:1      | Tallim the Draconian Air Elementalist began the quest for the Orb.
     0 | D:1      | Reached XP level 1. HP: 14/14 MP: 3/3
   121 | D:1      | Reached XP level 2. HP: 19/20 MP: 0/5
   542 | D:1      | Reached skill level 4 in Air Magic
   690 | D:1      | Reached XP level 3. HP: 26/26 MP: 4/6
  1096 | D:2      | Found a runed door.
  1359 | D:2      | Noticed Jessica
  1526 | D:2      | Killed Jessica
  1526 | D:2      | Reached XP level 4. HP: 33/33 MP: 2/7
  1574 | D:2      | Reached skill level 5 in Air Magic
  1580 | D:2      | HP: 1/33 [gnoll/halberd (1)]
  1965 | D:3      | Noticed Sigmund
  1994 | D:2      | Reached skill level 1 in Short Blades
  2455 | D:2      | Reached XP level 5. HP: 22/38 MP: 8/8
  3074 | D:2      | Noticed Crazy Yiuf
  3086 | D:2      | Killed Crazy Yiuf
  3247 | D:3      | Noticed an ice beast
  3261 | D:3      | Noticed goulibeur's ghost (amateur DsAK)
  3283 | D:3      | Killed an ice beast
  3283 | D:3      | Reached skill level 6 in Air Magic
  3283 | D:3      | Reached XP level 6. HP: 25/45 MP: 1/9
  3455 | D:2      | Learned a level 2 spell: Swiftness
  3473 | D:3      | HP: 2/45 [goulibeur's ghost (4)]
  3474 | D:3      | Mangled by goulibeur's ghost

Skill      XL: |  1  2  3  4  5 |
---------------+----------------+-----
Air Magic      | 4 5 6 |  6.4
Short Blades   | 1 2 |  2.3
Dodging        | |  1.7
Stealth        | |  1.7
Spellcasting   | |  2.0
Conjurations   | |  1.0

Action                   |  1- 3 |  4- 6 || total
-------------------------+-------+-------++-------
Melee: Short sword       |    38 |    45 ||    83
       Tailslap          |       |     5 ||     5
 Cast: Shock             |    39 |    67 ||   106
 Stab: Sleeping          |     1 |     1 ||     2
  Eat: Chunk             |     1 |     3 ||     4
       Ration            |     1 |     1 ||     2
Armor: Skin              |    10 |    16 ||    26
Dodge: Dodged            |    20 |    48 ||    68
